 Dungeon Crawl Stone Soup version 0.28-a0-239-g68911e0c57 (webtiles) character file.

Game seed: 14023371980771829557

1 Spaninq the Grasshopper (level 1, -1/17 HPs)
             Began as a Palentonga Warper on Aug 23, 2021.
             Slain by a ball python (3 damage)
             ... on level 1 of the Dungeon.
             The game lasted 00:00:44 (26 turns).

Spaninq the Grasshopper (Palentonga Warper)           Turns: 26, Time: 00:00:45

Health: -1/17      AC:  4    Str: 14    XL:     1   Next: 16%
Magic:  3/3        EV:  9    Int: 13    God:
Gold:   0          SH:  0    Dex:  9    Spells: 4/4 levels left

rFire   . . .      SeeInvis +   a - +0 hand axe
rCold   . . .      Faith    .   (no shield)
rNeg    . . .      Spirit   .   b - +0 leather armour
rPois   .          Reflect  .   (no helmet)
rElec   .          Harm     .   (no cloak)
rCorr   .          Rampage  .   (no gloves)
Will    .....                   (no barding)
Stlth   +.........              (no amulet)
HPRegen 0.05/turn               (no ring)
MPRegen 0.08/turn               (no ring)

@: no status effects
A: large, rugged brown scales 3, see invisible, deformed body, roll 1, armoured
tail
a: Rolling Charge


You were on level 1 of the Dungeon.
You visited 1 branch of the dungeon, and saw 1 of its levels.

Inventory:

Hand Weapons
 a - a +0 hand axe (weapon)
Missiles
 d - 5 boomerangs of dispersal (quivered)
Armour
 b - a +0 leather armour (worn)
Scrolls
 c - a scroll of blinking


   Skills:
 + Level 2.0 Fighting
 * Level 2.0 Axes
 - Level 0.6 Throwing
 + Level 0.8 Armour
 - Level 1.5 Dodging
 - Level 2.0 Spellcasting
 - Level 3.0 Translocations


You had 4 spell levels left.
You didn't know any spells.
Your spell library contained the following spells:

 Spells                   Type           Power      Damage    Failure   Level
 Blink                    Tloc           N/A        N/A       14%         2
 Gell's Gravitas          Tloc           4%         N/A       26%         3
 Lesser Beckoning         Tloc           4%         N/A       26%         3
 Teleport Other           Tloc           9%         N/A       26%         3
 Manifold Assault         Tloc           9%         N/A       94%         5


Dungeon Overview and Level Annotations

Branches:
Dungeon (1/15)

Altars:


Innate Abilities, Weirdness & Mutations

You are completely covered in rugged brown scales. (AC +3, +7% HP)
You have supernaturally acute eyesight. (SInv)
Armour fits poorly on your strangely shaped body.
You can roll at nearby foes to attack.
You have a long armoured tail.


Message History

The hobgoblin hits you.
* * * LOW HITPOINT WARNING * * *
The quokka twitches its whiskers.
The bat hits you but does no damage.
The ball python bites you but does no damage.
The hobgoblin hits you but does no damage.
You closely miss the ball python. You tail-slap the ball python.
You kill the ball python!
You hit the hobgoblin. You barely miss the bat. The bat barely misses you.
The hobgoblin hits you but does no damage.
The quokka closely misses you.
Found a runed ring mail.
The quokka bites you but does no damage.
The quokka bites you.
* * * LOW HITPOINT WARNING * * *
The bat barely misses you. The bat hits you but does no damage.
A hobgoblin comes into view.
The hobgoblin shouts!
The bat hits you but does no damage.
A rat comes into view.
The quokka bites you but does no damage.
The bat hits you but does no damage. The bat hits you.
* * * LOW HITPOINT WARNING * * *
The quokka closely misses you. The bat hits you but does no damage.
The bat barely misses you.
A ball python comes into view.
The bat hits you.
* * * LOW HITPOINT WARNING * * *
A giant cockroach comes into view.
Roll where?
Press: ? - help, Dir - move target, f - ball python, p - endoplasm
Aim: a ball python (wandering, hasn't noticed you)
You roll forward with a clatter of scales!
The ball python hisses angrily.
You closely miss the ball python.
You hear a shout!
The ball python barely misses you. The ball python bites you.
You die...

# ### # #... ##### #
##... ....# # #.####....
....# # #........# ....#
# #........# ....#
####.....[..#####S...###
...........Jr☼b○@..B....
.###.......g#####....###
.# #.####.......g.....#
.###.####..g.....####.#
...#.##....##.....# #
.#.....†...# .....#
...........# .#.r..
..#######..# .#... ..#
#..# # ..#


You could see an endoplasm, a quokka, a giant cockroach, a hobgoblin, a bat and
a ball python.

Vanquished Creatures
  A ball python (D:1)
1 creature vanquished.

Notes
Turn   | Place    | Note
-------+----------+-------------------------------------------
     0 | D:1      | Spaninq the Palentonga Warper began the quest for the Orb.
     0 | D:1      | Reached XP level 1. HP: 17/17 MP: 3/3
    26 | D:1      | Slain by a ball python

Illustrated notes

Levels and vault maps discovered:
D:1:      minmay_arrival_semitransparent, layout_basic,
          shapermc_ecumenical_altar_ellora, nrook_mini_vaults,
          hangedman_decor_slide_cut, chequers_serial_rivers_micro_a

Action                   || total
-------------------------++-------
Melee: Hand axe          ||     7
       Tailslap          ||     1
 Abil: Rolling Charge    ||     3
Armor: Leather armour    ||    15
Dodge: Dodged            ||    16

Table legend: (Time is in decaauts)
 A = Elapsed time spent in this place.
 B = Non-inter-level travel time spent in this place.
 C = Inter-level travel time spent in this place.
 D = Time resting spent in this place.
 E = Time spent auto-exploring this place.
 F = Levels seen in this place.
 G = Mean time per level.
                   A        B        C        D        E       F      G
               +--------+--------+--------+--------+--------+-----+--------+
         Total |     27 |     27 |      0 |      0 |      3 |   1 |   27.0 |
       Dungeon |     27 |     27 |      0 |      0 |      3 |   1 |   27.0 |
               +--------+--------+--------+--------+--------+-----+--------+

Top non-repeatable levels by time:
     D:1: 27 daAuts
